 Dungeon Crawl Stone Soup version 0.27-a0-412-g8dd771eca2 (webtiles) character file.

Game seed: 12876678598394206411

177 tilp the Insei (level 5, -1/35 HPs)
             Began as an Octopode Transmuter on Feb 23, 2021.
             Slain by a phantom (7 damage)
             ... on level 2 of the Dungeon.
             The game lasted 00:04:33 (3849 turns).

tilp the Insei (Octopode Transmuter)                Turns: 3849, Time: 00:04:34

Health: -1/35      AC:  1    Str: 10    XL:     5   Next: 57%
Magic:  8/8        EV: 13    Int: 16    God:
Gold:   156        SH:  0    Dex: 12    Spells: 5/8 levels left

rFire    . . .     SeeInvis +     - Unarmed
rCold    . . .     Faith    .   (no shield)
rNeg     . . .     Spirit   .   (helmet currently unavailable)
rPois    .         Reflect  .   (no amulet)
rElec    .         Harm     .   i - ring of see invisible
rCorr    .         Rampage  .   (no ring)
Will     .....                  (no ring)
Stlth    +++.......             (no ring)
HPRegen  0.11/turn              (no ring)
MPRegen  0.11/turn              (no ring)
                                (no ring)
                                (no ring)

@: appendages (expiring)
A: almost no armour, stealthy swim, amphibious, 8 rings, constrict 8, tentacle
spike 3, camouflage 1, gelatinous body 1
a: End Transformation


You were on level 2 of the Dungeon.
One of your tentacles had a temporary spike.
You visited 1 branch of the dungeon, and saw 3 of its levels.

You collected 156 gold pieces.

Inventory:

Missiles
 c - 73 stones
 d - 14 poisoned darts (quivered)
 s - 4 boomerangs
Jewellery
 i - a ring of see invisible (left tentacle)
 r - a ring of protection from fire {unknown}
Wands
 n - a wand of paralysis (5)
 p - a wand of digging (3)
Scrolls
 b - 7 scrolls of teleportation
 j - a scroll of fear
 m - 4 scrolls of identify {unknown}
 q - a scroll of blinking {unknown}
 t - a scroll of enchant armour {unknown}
Potions
 a - 3 potions of brilliance {unknown}
 e - 3 potions of curing {unknown}
 f - 2 potions of flight {unknown}
 g - 3 potions of attraction {unknown}
 h - a potion of mutation {unknown}
 k - 2 potions of might {unknown}
 l - a potion of haste
 o - a potion of degeneration {unknown}


   Skills:
 + Level 2.5 Fighting
 - Level 2.0 Dodging
 - Level 4.0 Stealth
 * Level 4.6 Unarmed Combat
 - Level 2.0 Spellcasting
 - Level 2.0 Transmutations


You had 5 spell levels left.
You knew the following spells:

 Your Spells              Type           Power        Failure   Level
a - Beastly Appendage     Tmut           16%          9%          1
b - Wereblood             Tmut           8%           14%         2

Your spell library contained the following spells:

 Spells                   Type           Power        Failure   Level
 Spider Form              Tmut/Pois      2%           38%         3
 Ice Form                 Ice/Tmut       4%           80%         4
 Blade Hands              Tmut           4%           94%         5


Dungeon Overview and Level Annotations

Branches:
Dungeon (3/15)

Altars:
Gozag


Innate Abilities, Weirdness & Mutations

You cannot wear most types of armour.
You are very stealthy in the water. (Stealth+)
You are amphibious.
You can wear up to eight rings at the same time.
You can use your tentacles to constrict eight enemies at once.
Your skin changes colour to match your surroundings (Stealth+).
Your rubbery body absorbs attacks. (AC +1, EV +1)
One of your tentacles bears a large vicious spike.


Message History

The phantom blinks!
You blink.
You closely miss the phantom.
You pierce the phantom, but do no damage.
The phantom is moderately damaged.
The phantom barely misses you.
Unknown command.
You tentacle-slap the phantom but do no damage.
You pierce the phantom.
The phantom is moderately damaged.
The phantom hits you.
* * * LOW HITPOINT WARNING * * *
Unknown command.
You tentacle-slap the phantom.
The phantom is heavily damaged.
The phantom hits you.
* * * LOW HITPOINT WARNING * * *
The phantom blinks!
You blink.
Unknown command.
You tentacle-slap the phantom.
You squeeze the phantom, but do no damage.
The phantom is severely damaged.
The phantom barely misses you.
Unknown command.
Okay, then.
You tentacle-slap the phantom.
Your tentacle spike misses the phantom.
The phantom is severely damaged.
The phantom hits you.
* * * LOW HITPOINT WARNING * * *
Unknown command.
You tentacle-slap the phantom.
You pierce the phantom, but do no damage.
The phantom is almost destroyed.
The phantom hits you.
* * * LOW HITPOINT WARNING * * *
The phantom blinks!
You blink.
Unknown command.
You closely miss the phantom.
The phantom is almost destroyed.
The phantom hits you!
You die...

#.....# #.....#
#.....# #.....###
#.....+.#
#.§...#.#
#.§...#.# ##
#.#####.# #. #@#
#.###### #.
#W#####.#....####.
#...§..>+.........
#######.#....#####
#.#....#####
#......'....
###....####.
#....# #. #....#
#.


You could see a phantom.

Vanquished Creatures
  Ijyb (D:3)
  Natasha (D:3)
  5 adders
  A gnoll (D:1)
  A worm (D:2)
  2 leopard geckos (D:2)
  5 orcs (D:3)
  5 bats
  3 giant cockroaches
  4 goblins
  14 hobgoblins
  A quokka (D:3)
  A ball python (D:2)
  7 frilled lizards (D:1)
  10 kobolds
  3 rats (D:1)
64 creatures vanquished.

Notes
Turn   | Place    | Note
-------+----------+-------------------------------------------
     0 | D:1      | tilp the Octopode Transmuter began the quest for the Orb.
     0 | D:1      | Reached XP level 1. HP: 13/13 MP: 3/3
    38 | D:1      | Reached skill level 1 in Stealth
    57 | D:1      | Reached XP level 2. HP: 1/18 MP: 3/5
    60 | D:1      | Learned a level 2 spell: Wereblood
   359 | D:1      | You fall into a shaft and drop 1 floor!
   828 | D:1      | Reached XP level 3. HP: 11/23 MP: 4/6
  1510 | D:2      | Reached XP level 4. HP: 20/28 MP: 7/7
  2492 | D:3      | Noticed Ijyb
  2504 | D:3      | Killed Ijyb
  3067 | D:3      | Reached XP level 5. HP: 34/34 MP: 8/8
  3246 | D:3      | Found an opulent altar of Gozag.
  3346 | D:3      | Noticed Natasha
  3355 | D:3      | Killed Natasha
  3809 | D:3      | Noticed a phantom
  3849 | D:2      | Slain by a phantom

Illustrated notes

Levels and vault maps discovered:
D:1:      ebering_trefoil_3fold, layout_basic
D:2:      layout_basic
D:3:      minmay_bubble_buster, layout_loops_corners,
          nicolae_gozag_cash_rules_everything_around_me, uniq_natasha, uniq_ijyb

Skill      XL: |  1  2  3  4 |
---------------+-------------+-----
Stealth        | 2 3 4 |  4.0
Fighting       | 2 |  2.5
Unarmed Combat | 4 |  4.6
Dodging        | |  2.0
Spellcasting   | |  2.0
Transmutations | |  2.0

Action                   |  1- 3 |  4- 6 || total
-------------------------+-------+-------++-------
Melee: Unarmed           |    88 |    74 ||   162
       Constrict         |    25 |    19 ||    44
       Tentacles         |     9 |    14 ||    23
       Kick              |    10 |    15 ||    25
       Punch             |     4 |     2 ||     6
Throw: Dart              |     4 |    18 ||    22
 Cast: Beastly Appendage |     7 |     9 ||    16
       Wereblood         |     1 |     1 ||     2
  Use: Scroll            |     2 |       ||     2
 Stab: Sleeping          |     6 |     5 ||    11
Armor: Skin              |     4 |     1 ||     5
Dodge: Dodged            |    43 |    27 ||    70

Table legend: (Time is in decaauts)
 A = Elapsed time spent in this place.
 B = Non-inter-level travel time spent in this place.
 C = Inter-level travel time spent in this place.
 D = Time resting spent in this place.
 E = Time spent auto-exploring this place.
 F = Levels seen in this place.
 G = Mean time per level.
                   A        B        C        D        E       F      G
               +--------+--------+--------+--------+--------+-----+--------+
         Total |   3838 |   3781 |     57 |   1324 |   1904 |   3 | 1279.3 |
       Dungeon |   3838 |   3781 |     57 |   1324 |   1904 |   3 | 1279.3 |
               +--------+--------+--------+--------+--------+-----+--------+

Top non-repeatable levels by time:
     D:3: 1552 daAuts
     D:1: 1167 daAuts
     D:2: 1118 daAuts
